 Dungeon Crawl Stone Soup version 0.29-a0-472-ge5599a681e (webtiles) character file.

Game seed: 12910327951813083942

323496 frimble the Gnoll Aeon (level 21, -2/168 HPs)
             Began as a Gnoll Warper on May 22, 2022.
             Was the Champion of Cheibriados.
             Slain by a vault warden
             ... wielding a +1 halberd of venom
              (23 damage)
             ... on level 1 of the Vaults.
             The game lasted 01:31:17 (50305 turns).

frimble the Gnoll Aeon (Gnoll Warper)              Turns: 50305, Time: 01:31:18

Health: -2/168     AC: 27    Str: 28    XL:     21   Next: 57%
Magic:  15/40      EV: 28    Int: 40    God:    Cheibriados [******]
Gold:   1171       SH: 17    Dex: 31    Spells: 23/50 levels left

rFire   . . .      SeeInvis .   a - +6 demon whip (flame)
rCold   + . .      Faith    .   E - +0 kite shield of Love and Death {Regen+}
rNeg    . . .      Spirit   .   G - +4 troll leather armour
rPois   .          Reflect  .   I - +2 helmet of Instinct {rC+ Dex+4}
rElec   .          Harm     .   m - +2 cloak {Will+}
rCorr   .          Rampage  .   s - +1 pair of gloves
Will    ++...                   W - +1 pair of boots
Stlth   ++++++....              M - amulet "Efoirr" {RegenMP Int+4}
HPRegen 1.98/turn               R - ring "Wiecunap" {+Blink Fly}
MPRegen 0.67/turn               H - +4 ring of protection

@: lethally poisoned (-2 -> -7), flying, studying Fire Magic, very slow
A: fangs 1, strong nose, distributed training
}: 2/15 runes: decaying, serpentine
a: Renounce Religion, Evoke Blink, Bend Time, Temporal Distortion, Slouch, Step
From Time


You were on level 1 of the Vaults.
You worshipped Cheibriados.
Cheibriados was exalted by your worship.
You visited 9 branches of the dungeon, and saw 37 of its levels.
You visited the Abyss 1 time.
You also visited: Ossuary and Ice Cave.

You collected 4686 gold pieces.
You spent 3515 gold pieces at shops.

Inventory:

Hand Weapons
 a - a +6 demon whip of flaming (weapon)
 b - the +5 fustibalus "Rimo" {venom, rElec}
   (You found it on level 3 of the Elven Halls)

   Any ammunition fired from it poisons the flesh of those it strikes.
   rElec:     It insulates you from electricity.
Missiles
 e - 8 boomerangs (quivered)
 B - a throwing net
 V - 3 silver boomerangs
 Y - 5 javelins
Armour
 m - a +2 cloak of willpower (worn)
 s - a +1 pair of gloves (worn)
 E - the +0 kite shield of Love and Death (worn) {Regen+}
   (You took it off Asterion on level 3 of the Elven Halls)

   Regen:     It increases your rate of health regeneration.
 G - a +4 troll leather armour (worn)
 I - the +2 helmet of Instinct (worn) {rC+ Dex+4}
   (You acquired it on level 11 of the Dungeon)

   Dex:       It affects your dexterity (+4).
   rC:        It protects you from cold.
 W - a +1 pair of boots (worn)
Jewellery
 t - a ring of see invisible
 w - a +4 ring of slaying
 F - the ring of Sloth {rN+ Will+ MP+9}
   (You took it off a deep elf death mage on level 3 of the Elven Halls)

   [ring of willpower]

   rN:        It protects you from negative energy.
   MP:        It affects your magic capacity (+9).
   Will:      It increases your willpower.
 H - a +4 ring of protection (right hand)
 M - the amulet "Efoirr" (around neck) {RegenMP Int+4}
   (You bought it in a shop on level 2 of the Snake Pit)

   [amulet of magic regeneration]

   It increases your rate of magic regeneration.
   Int:       It affects your intelligence (+4).
 R - the ring "Wiecunap" (left hand) {+Blink Fly}
   (You found it on level 1 of the Depths)

   [ring of flight]

   Fly:       It grants you flight.
   +Blink:    It lets you blink.
 X - the dreamshard necklace {*Dream Drain}
   (You took it off a frost giant on level 1 of the Depths)

   [amulet of nothing]

   It shatters if its wearer takes lethal or near-lethal damage, preventing the
   blow and releasing protective dreams that heal and fight for the wearer.
   Drain:     It drains your maximum health when unequipped.
Wands
 c - a wand of polymorph (2)
 C - a wand of iceblast (4)
 L - a wand of charming (2)
 S - a wand of acid (19)
 T - a wand of digging (30)
Scrolls
 h - 10 scrolls of magic mapping
 k - 8 scrolls of vulnerability
 p - 7 scrolls of fear
 q - 7 scrolls of immolation
 u - 5 scrolls of blinking
 v - 2 scrolls of torment
 y - 4 scrolls of fog
 J - 16 scrolls of teleportation
 K - a scroll of brand weapon
 N - 2 scrolls of silence
 Z - 4 scrolls of amnesia
Potions
 d - 18 potions of curing
 f - 7 potions of cancellation
 g - 5 potions of brilliance
 i - 11 potions of lignification
 j - 4 potions of mutation
 l - 8 potions of magic
 n - 11 potions of heal wounds
 o - a potion of ambrosia
 z - 7 potions of attraction
 A - 6 potions of resistance
 D - a potion of berserk rage
 O - 6 potions of might
 U - a potion of invisibility
Miscellaneous
 r - a condenser vane (inert)
 x - a box of beasts
 P - a tin of tremorstones (2/2)
 Q - a phantom mirror


   Skills:
 + Level 15.1 Fighting
 + Level 14.5 Short Blades
 + Level 14.5 Long Blades
 + Level 14.5 Axes
 + Level 14.5 Maces & Flails
 + Level 14.5 Polearms
 + Level 14.5 Staves
 + Level 14.5 Slings
 + Level 14.5 Bows
 + Level 14.5 Crossbows
 + Level 14.7 Throwing
 + Level 14.7 Armour
 + Level 15.1 Dodging
 + Level 14.5 Stealth
 + Level 14.5 Shields
 + Level 15.1 Unarmed Combat
 + Level 15.2 Spellcasting
 + Level 12.3 Conjurations
 + Level 12.3 Hexes
 + Level 12.3 Summonings
 + Level 12.3 Necromancy
 + Level 13.4 Translocations
 + Level 12.3 Transmutations
 + Level 13.6 Fire Magic
 + Level 12.3 Ice Magic
 + Level 12.3 Air Magic
 + Level 12.3 Earth Magic
 + Level 12.3 Poison Magic
 + Level 15.7 Invocations
 + Level 14.5 Evocations


You had 23 spell levels left.
You knew the following spells:

 Your Spells              Type           Power      Damage    Failure   Level
a - Blink                 Tloc           100%       N/A       0%          2
b - Stone Arrow           Conj/Erth      100%       3d13      1%          3
c - Yara's Violent Unrav  Hex/Tmut       46%        3d18      1%          5
d - Foxfire               Conj/Fire      100%       2x1d9     0%          1
e - Freezing Cloud        Conj/Ice/Air   46%        6-21      1%          5
f - Apportation           Tloc           100%       N/A       0%          1
g - Starburst             Conj/Fire      47%        6d13      1%          6
h - Passage of Golubria   Tloc           95%        N/A       1%          4

Your spell library contained the following spells:

 Spells                   Type           Power      Damage    Failure   Level
 Necrotize                Necr           100%       1d9       0%          1
 Shock                    Conj/Air       100%       1d9       0%          1
 Slow                     Hex            100%       N/A       0%          1
 Summon Small Mammal      Summ           100%       N/A       0%          1
 Confusing Touch          Hex            92%        N/A       1%          3
 Conjure Flame            Conj/Fire      94%        6-21      1%          3
 Dazzling Flash           Conj/Hex       100%       N/A       1%          3
 Frozen Ramparts          Ice            100%       1d12      1%          3
 Gell's Gravitas          Tloc           95%        N/A       1%          3
 Ignite Poison            Fire/Tmut/Pois 93%        N/A       1%          3
 Inner Flame              Hex/Fire       94%        N/A       1%          3
 Lesser Beckoning         Tloc           95%        N/A       1%          3
 Mephitic Cloud           Conj/Pois/Air  92%        N/A       1%          3
 Swiftness                Air            92%        N/A       1%          3
 Teleport Other           Tloc           95%        N/A       1%          3
 Tukima's Dance           Hex            92%        N/A       1%          3
 Vampiric Draining        Necr           92%        2d12      1%          3
 Airstrike                Air            46%        N/A       1%          4
 Animate Armour           Summ/Erth      100%       N/A       1%          4
 Animate Dead             Necr           92%        N/A       1%          4
 Cause Fear               Hex            46%        N/A       1%          4
 Flame Wave               Conj/Fire      94%        2d16      1%          4
 Ice Form                 Ice/Tmut       92%        N/A       1%          4
 Iskenderun's Mystic Bla  Conj/Tloc      93%        2d18      1%          4
 Summon Ice Beast         Ice/Summ       92%        N/A       1%          4
 Agony                    Necr           92%        N/A       1%          5
 Alistair's Intoxication  Tmut/Pois      61%        N/A       1%          5
 Blade Hands              Tmut           46%        N/A       1%          5
 Iskenderun's Battlesphe  Conj           92%        2d14      1%          5
 Manifold Assault         Tloc           95%        N/A       1%          5
 Silence                  Hex/Air        46%        N/A       1%          5
 Summon Mana Viper        Hex/Summ       92%        N/A       1%          5
 Conjure Ball Lightning   Conj/Air       46%        3x3d16    1%          6
 Iron Shot                Conj/Erth      46%        9d9       1%          6
 Simulacrum               Ice/Necr       46%        N/A       1%          6
 Malign Gateway           Summ/Tloc      46%        N/A       9%          7
 Dragon Form              Tmut           46%        N/A       11%         7
 Enfeeble                 Hex            46%        N/A       11%         7
 Monstrous Menagerie      Summ           46%        N/A       11%         7
 Spellforged Servitor     Conj/Summ      46%        N/A       11%         7
 Storm Form               Tmut/Air       46%        N/A       11%         7
 Disjunction              Tloc           47%        N/A       45%         8
 Discord                  Hex            46%        N/A       63%         8
 Infestation              Necr           46%        N/A       63%         8
 Lehudib's Crystal Spear  Conj/Erth      46%        10d11     63%         8
 Summon Horrible Things   Summ           46%        N/A       63%         8
 Dragon's Call            Summ           46%        N/A       100%        9
 Polar Vortex             Ice            46%        N/A       100%        9


Dungeon Overview and Level Annotations

Branches:
Dungeon (15/15)            Temple (1/1) D:4            Lair (6/6) D:8
  Swamp (4/4) Lair:2        Snake (4/4) Lair:2        Slime (0/5) Lair:6
    Orc (2/2) D:10            Elf (3/3) Orc:2        Vaults (1/5) D:13
 Depths (1/4) D:15        Ossuary (visited)           IceCv (visited)

Altars:
Ashenzari
Cheibriados
Dithmenos
Elyvilon
Fedhas
Gozag
Hepliaklqana
Kikubaaqudgha
Makhleb
Nemelex Xobeh
Okawaru
Qazlal
Ru
Sif Muna
Trog
Uskayaw
Vehumet
Wu Jian
Xom
Yredelemnul
Zin
The Shining One
Beogh
Jiyva

Shops:
D:14 =   Orc:1 *   Orc:2 !=(   Elf:1 *   Elf:3 ??[   Snake:2 !:=:

Portals:
Hell: Depths:1
Abyss: Depths:1
Trove: D:12 (give +3 shadow dragon scales)

Annotations:
Elf:2 marklar909's ghost, adept PaFi


Innate Abilities, Weirdness & Mutations

You have very sharp teeth.
Your uncanny sense of smell can sniff out nearby items.
Your experience applies equally to all skills.


Message History

The stone giant is engulfed in negative energy.
The ironbound convoker is engulfed in negative energy.
You kill the ironbound convoker!
Cheibriados thoroughly appreciates the change of pace.
The vault warden is engulfed in negative energy.
The vault warden is drained!
The vault warden barely misses you.
Casting: Starburst (mildly dangerous; 1% risk of failure)
Confirm with . or Enter, or press ? or * to list all spells.
Casting: Starburst (mildly dangerous; 1% risk of failure)
Press: ? - help, Dir - look around, f - activate The bolt of fire hits the stone giant!!!
You kill the stone giant!
Cheibriados appreciates the change of pace.
The runic seal fades away.
You feel very sick.
The steelbarb worm changes into a manticore!
The vault warden is engulfed in negative energy.
The vault warden hits you from afar with a +1 halberd of venom.
* * * LOW HITPOINT WARNING * * *
You are more poisoned.
You feel better.
The manticore changes into a torpor snail!
The vault warden is engulfed in negative energy.
The vault warden hits you from afar with a +1 halberd of venom!
* * * LOW HITPOINT WARNING * * *
You step out of the flow of time.
You return to the normal time flow.
There is an open door here.
The vault warden shouts!
The vault warden activates a sealing rune.
The doors slam shut!
Your magical effects are unravelling.
You feel magically purged.
You are no longer corroded.
The vault warden hits you from afar with a +1 halberd of venom!!
* * * LOW HITPOINT WARNING * * *
You are poisoned.
You feel much better.
You feel very sick.
The vault warden hits you from afar with a +1 halberd of venom!!
You die...

# ........... # ..#..#..# #
).)...# # #.().# #).).# ∆∆∆ #.)#
∆∆∆ #..#
################+################
................@................
.................................
..............)).p...............
............)..).................
##########+++############....####
#.......# #....# #.......# #....#
#.......##########....#
#.......#........#....#


You could see a vault warden.

Vanquished Creatures
  A juggernaut (Depths:1)
  Nikola (Snake:4)
  A bone dragon (Swamp:4)
  Mlioglotl (Swamp:1)
  A tentacled monstrosity (Depths:1)
  2 deep elf master archers (Elf:3)
  2 deep elf blademasters (Elf:3)
  Asterion (Elf:3)
  Gastronok (D:9)
  2 quicksilver dragons (Snake:4)
  Agnes (Elf:2)
  Donald (Swamp:1)
  2 fenstrider witches
  A fire giant (Depths:1)
  5 nagarajas
  A frost giant (Depths:1)
  2 orc warlords
  3 deep elf sorcerers
  2 vault wardens (Vaults:1)
  A balrug (Depths:1)
  Louise (Swamp:4)
  5 deep elf elementalists (Elf:3)
  2 very ugly things (Depths:1)
  2 ironbound preservers (Vaults:1)
  3 stone giants
  An ironbound thunderhulk (Vaults:1)
  5 deep elf demonologists (Elf:3)
  3 eleionomae
  5 deep elf annihilators (Elf:3)
  An entropy weaver (Vaults:1)
  2 dire elephants
  Azrael (Elf:1)
  A bunyip (Swamp:2)
  A spark wasp (Depths:1)
  7 deep elf death magi
  A shambling mangrove (Swamp:4)
  Josephine (D:12)
  4 fire dragons
  3 deep elf high priests
  5 ice dragons
  A rakshasa (Depths:1)
  3 vault guards (Vaults:1)
  14 hydras
  An ogre mage (D:13)
  2 spriggan air magi (Depths:1)
  2 salamander tyrants
  A radroach (shapeshifter) (Elf:2)
  14 centaur warriors
  3 ghost crabs
  A catoblepas (D:15)
  4 ironbound frosthearts
  5 two-headed ogres
  32 dancing weapons
  8 anacondas
  5 deep troll shamans (Depths:1)
  9 naga warriors
  A merfolk avatar (Lair:6)
  A tengu warrior (Depths:1)
  26 death yaks
  3 alligators
  2 orc high priests (Elf:2)
  19 naga sharpshooters
  6 hell knights (Depths:1)
  A spriggan berserker (Depths:1)
  7 shock serpents
  A sun demon (Abyss:3)
  16 deep elf knights
  2 salamander mystics (Snake:3)
  A fire crab (Lair:3)
  Nergalle (Lair:3)
  7 skeletal warriors
  3 spriggan druids
  3 deep trolls
  2 goliath frogs
  4 swamp dragons
  3 spectral hydras (Swamp:4)
  A large abomination (Elf:1)
  2 naga ritualists
  3 phantasmal warriors
  A sea snake (Snake:1)
  13 bog bodies
  12 deep elf archers
  32 deep elf zephyrmancers
  3 ironbound convokers (Vaults:1)
  12 orc knights
  Pikel (D:4)
  4 necromancers
  2 wizards
  6 harpies (Vaults:1)
  12 mana vipers
  An orc sorcerer (Orc:2)
  4 lindwurms (Vaults:1)
  2 oklob plants
  16 ugly things
  26 deep elf pyromancers
  4 will-o-the-wisps
  32 slime creatures
  17 salamanders
  Joseph (D:7)
  An ice statue (IceCv)
  47 black mambas
  5 manticores
  14 elephants
  3 cyclopes
  7 guardian serpents
  15 naga magi
  2 vault sentinels (Vaults:1)
  A gargoyle (D:12)
  7 kobold demonologists
  Psyche (D:9)
  9 cane toads
  4 centaur skeletons (D:13)
  2 freezing wraiths (D:15)
  13 komodo dragons
  A swamp worm zombie (Swamp:4)
  2 tengu conjurers
  An efreet (D:15)
  4 rime drakes
  3 hydra zombies (Swamp:4)
  5 yaktaurs
  4 bloated husks
  7 trolls
  6 tyrant leeches
  10 hornets
  17 polar bears
  3 meliai (D:14)
  3 snapping turtles (Lair:6)
  2 spectral swamp dragons (Swamp:4)
  29 blink frogs
  2 alligator zombies (Swamp:4)
  15 dream sheep (Lair:6)
  A shadow (D:13)
  3 air elementals
  A centaur simulacrum (D:14)
  5 spriggans
  8 wraiths
  8 water elementals
  12 wyverns
  6 fire elementals (Elf:1)
  100 yaks
  5 basilisks
  2 steam dragons (Lair:6)
  12 vampire mosquitoes
  Edmund (D:5)
  56 nagas
  2 acid dragons
  3 wargs
  9 swamp worms
  Duvessa (D:7)
  A floating eye (Depths:1)
  3 hell hounds (Elf:1)
  16 water moccasins
  3 swamp drakes
  An ice beast (D:8)
  45 orc warriors
  2 black bears
  3 boggarts (Vaults:1)
  4 swamp dragon zombies (Swamp:4)
  8 ogres
  30 wolves
  16 centaurs
  3 phantoms
  3 kobold brigands
  A gnoll sergeant (D:8)
  4 elf zombies (Elf:1)
  4 scorpions
  2 earth elementals (Elf:1)
  12 bullfrogs
  15 wights
  Dowan (D:7)
  5 killer bees
  3 electric eels (Snake:1)
  8 howler monkeys
  2 hounds
  A centaur zombie (Ossuary)
  2 jellies
  16 orc priests
  2 gnoll shamans
  2 iguanas
  17 orc wizards
  4 hell rats (Lair:3)
  A spectral swamp drake (Swamp:4)
  2 mummies (Ossuary)
  2 swamp drake zombies (Swamp:4)
  14 gnolls
  A river rat (Lair:1)
  12 adders
  2 shadow imps
  3 adder zombies (Ossuary)
  3 worms
  7 dart slugs
  63 orcs
  7 endoplasms
  4 giant cockroaches
  6 goblins
  7 hobgoblins
  4 jackals
  23 kobolds
  4 quokkas
  6 ball pythons
  8 bats
  3 frilled lizards
  14 hobgoblin zombies (Ossuary)
  A jackal zombie (Ossuary)
  8 kobold zombies (Ossuary)
  7 orc zombies (Ossuary)
  7 rats
  3 rat zombies (Ossuary)
  3 foxfires (Swamp:4)
1451 creatures vanquished.

Vanquished Creatures (collateral kills)
  A death knight (D:15)
  An orc knight (Elf:2)
  A yak (Lair:1)
3 creatures vanquished.

Vanquished Creatures (others)
  2 ghost crabs (Swamp:4)
  A hydra (D:15)
  A swamp worm zombie (Swamp:4)
  A freezing wraith (D:15)
  A hornet (shapeshifter) (Elf:1)
  4 bloated husks
  2 yaks (Lair:1)
  A swamp worm (Swamp:4)
  A boggart (Vaults:1)
  3 phantoms (Swamp:4)
  15 foxfires (Swamp:4)
  50 fungi
  100 plants
  5 toadstools (D:1)
187 creatures vanquished.

Grand Total: 1641 creatures vanquished

Notes
Turn   | Place    | Note
-------+----------+-------------------------------------------
     0 | D:1      | frimble the Gnoll Warper began the quest for the Orb.
     0 | D:1      | Reached XP level 1. HP: 20/20 MP: 6/6
   419 | D:1      | Reached XP level 2. HP: 20/26 MP: 7/7
   649 | D:1      | Found a faded altar of an unknown god.
  1178 | D:1      | Reached XP level 3. HP: 31/31 MP: 9/9
  1359 | D:2      | Reached skill level 5 in Spellcasting
  1514 | D:2      | Reached skill level 1 in Invocations
  1807 | D:2      | Reached skill level 1 in Short Blades
  1807 | D:2      | Reached skill level 1 in Long Blades
  1807 | D:2      | Reached skill level 1 in Axes
  1807 | D:2      | Reached skill level 1 in Maces & Flails
  1807 | D:2      | Reached skill level 1 in Polearms
  1807 | D:2      | Reached skill level 1 in Staves
  1807 | D:2      | Reached skill level 1 in Slings
  1807 | D:2      | Reached skill level 1 in Bows
  1807 | D:2      | Reached skill level 1 in Crossbows
  1807 | D:2      | Reached skill level 1 in Stealth
  1807 | D:2      | Reached skill level 1 in Shields
  1807 | D:2      | Reached skill level 1 in Evocations
  2039 | D:2      | Learned a level 2 spell: Blink
  2072 | D:2      | Reached XP level 4. HP: 32/38 MP: 11/11
  2222 | D:2      | Reached skill level 1 in Conjurations
  2222 | D:2      | Reached skill level 1 in Hexes
  2222 | D:2      | Reached skill level 1 in Summonings
  2222 | D:2      | Reached skill level 1 in Necromancy
  2222 | D:2      | Reached skill level 1 in Transmutations
  2222 | D:2      | Reached skill level 1 in Fire Magic
  2222 | D:2      | Reached skill level 1 in Ice Magic
  2222 | D:2      | Reached skill level 1 in Air Magic
  2222 | D:2      | Reached skill level 1 in Earth Magic
  2222 | D:2      | Reached skill level 1 in Poison Magic
  3018 | D:3      | Found a sparkling altar of Nemelex Xobeh.
  3153 | D:3      | Reached XP level 5. HP: 42/43 MP: 12/12
  3261 | D:4      | Found a sand-covered staircase.
  3267 | Ossuary  | Entered an ossuary
  3762 | Ossuary  | Reached XP level 6. HP: 44/50 MP: 13/13
  4041 | D:4      | Found a staircase to the Ecumenical Temple.
  4047 | Temple   | Entered the Ecumenical Temple
  4560 | Temple   | Became a worshipper of Cheibriados the Contemplative
  4597 | D:4      | Learned a level 3 spell: Stone Arrow
  4608 | D:4      | Reached skill level 5 in Fighting
  4608 | D:4      | Reached skill level 5 in Dodging
  4608 | D:4      | Reached skill level 5 in Unarmed Combat
  5313 | D:4      | Reached XP level 7. HP: 43/56 MP: 15/15
  5617 | D:4      | Noticed Pikel
  5652 | D:4      | Killed Pikel
  5652 | D:4      | Reached * piety under Cheibriados
  5653 | D:4      | Reached XP level 8. HP: 27/63 MP: 9/16
  6645 | D:5      | Entered Level 5 of the Dungeon
  6887 | D:5      | Noticed Edmund
  6903 | D:5      | Killed Edmund
  7591 | D:5      | Reached ** piety under Cheibriados
  7663 | D:5      | Noticed a wyvern
  7669 | D:5      | Killed a wyvern
  8035 | D:6      | Learned a level 5 spell: Yara's Violent Unravelling
  8325 | D:6      | Reached XP level 9. HP: 69/69 MP: 14/18
  9173 | D:7      | Noticed Joseph
  9183 | D:7      | HP: 1/69 [Joseph/+2 spectral quarterstaff (7)]
  9189 | D:7      | Killed Joseph
  9190 | D:7      | Reached skill level 5 in Throwing
  9190 | D:7      | Reached skill level 5 in Armour
 10171 | D:7      | Noticed Duvessa
 10171 | D:7      | Noticed Dowan
 10178 | D:7      | Killed Duvessa
 10184 | D:7      | Killed Dowan
 10184 | D:7      | Reached *** piety under Cheibriados
 10450 | D:7      | Reached skill level 5 in Invocations
 11102 | D:8      | Reached XP level 10. HP: 67/77 MP: 20/20
 11114 | D:7      | Reached skill level 5 in Short Blades
 11114 | D:7      | Reached skill level 5 in Long Blades
 11114 | D:7      | Reached skill level 5 in Axes
 11114 | D:7      | Reached skill level 5 in Maces & Flails
 11114 | D:7      | Reached skill level 5 in Polearms
 11114 | D:7      | Reached skill level 5 in Staves
 11114 | D:7      | Reached skill level 5 in Slings
 11114 | D:7      | Reached skill level 5 in Bows
 11114 | D:7      | Reached skill level 5 in Crossbows
 11114 | D:7      | Reached skill level 5 in Stealth
 11114 | D:7      | Reached skill level 5 in Shields
 11114 | D:7      | Reached skill level 5 in Evocations
 11816 | D:8      | Reached **** piety under Cheibriados
 12018 | D:8      | Found a staircase to the Lair.
 12666 | D:8      | Reached XP level 11. HP: 74/84 MP: 22/22
 12809 | D:8      | Reached ***** piety under Cheibriados
 13367 | D:9      | Reached skill level 5 in Conjurations
 13367 | D:9      | Reached skill level 5 in Hexes
 13367 | D:9      | Reached skill level 5 in Summonings
 13367 | D:9      | Reached skill level 5 in Necromancy
 13367 | D:9      | Reached skill level 5 in Transmutations
 13367 | D:9      | Reached skill level 5 in Fire Magic
 13367 | D:9      | Reached skill level 5 in Ice Magic
 13367 | D:9      | Reached skill level 5 in Air Magic
 13367 | D:9      | Reached skill level 5 in Earth Magic
 13367 | D:9      | Reached skill level 5 in Poison Magic
 13503 | D:9      | Noticed Psyche
 13509 | D:9      | Killed Psyche
 13569 | D:9      | Noticed Gastronok
 13585 | D:9      | Killed Gastronok
 14723 | D:10     | Entered Level 10 of the Dungeon
 14723 | D:10     | Found a staircase to the Orcish Mines.
 14816 | D:10     | Noticed a two-headed ogre
 14829 | D:10     | Killed a two-headed ogre
 15740 | D:11     | Reached XP level 12. HP: 54/94 MP: 13/24
 16005 | Lair:1   | Entered Level 1 of the Lair of Beasts
 16766 | Lair:1   | HP: 2/94 [cane toad (16)]
 17133 | Lair:1   | Noticed a seven-headed hydra
 17147 | Lair:1   | Killed a seven-headed hydra
 18050 | Lair:2   | Reached XP level 13. HP: 26/101 MP: 26/26
 18456 | Lair:3   | Noticed Nergalle
 18467 | Lair:3   | Killed Nergalle
 19138 | Lair:3   | Upgraded the game from 0.29-a0-468-ge57f7f99b4 to
                  | 0.29-a0-472-ge5599a681e
 20777 | Lair:2   | Reached skill level 10 in Spellcasting
 21389 | Lair:2   | Found a staircase to the Snake Pit.
 21545 | Lair:2   | Found a staircase to the Swamp.
 21986 | D:11     | You fall into a shaft and drop 3 floors!
 22044 | D:14     | Found Wugar's Jewellery Emporium.
 22049 | D:14     | Bought a +4 ring of protection for 612 gold pieces
 22067 | D:13     | Learned a level 1 spell: Foxfire
 22175 | D:13     | Found a frozen archway.
 22184 | IceCv    | Entered an ice cave
 22198 | IceCv    | Reached skill level 10 in Fighting
 22198 | IceCv    | Reached skill level 10 in Dodging
 22198 | IceCv    | Reached skill level 10 in Unarmed Combat
 22204 | IceCv    | Reached XP level 14. HP: 99/110 MP: 28/28
 22459 | IceCv    | Learned a level 5 spell: Freezing Cloud
 22692 | IceCv    | Reached ****** piety under Cheibriados
 23096 | IceCv    | Learned a level 1 spell: Apportation
 23296 | IceCv    | Reached skill level 10 in Invocations
 24030 | D:12     | Found a sacrificial altar of Ru.
 25145 | D:11     | Identified a scroll of acquirement
 25145 | D:11     | Acquired the +2 helmet of Instinct {rC+ Dex+4}
 25503 | Lair:4   | Found an ornate altar of the Wu Jian Council.
 25558 | Lair:4   | Reached skill level 10 in Throwing
 25558 | Lair:4   | Reached skill level 10 in Armour
 26290 | Lair:4   | Reached XP level 15. HP: 117/117 MP: 29/29
 26342 | Lair:4   | Identified the +1 leather armour of Sif Muna's Envy {Slay+3
                  | SInv}
 26778 | Lair:5   | Reached skill level 10 in Translocations
 27193 | Lair:5   | Reached skill level 10 in Short Blades
 27193 | Lair:5   | Reached skill level 10 in Long Blades
 27193 | Lair:5   | Reached skill level 10 in Axes
 27193 | Lair:5   | Reached skill level 10 in Maces & Flails
 27193 | Lair:5   | Reached skill level 10 in Polearms
 27193 | Lair:5   | Reached skill level 10 in Staves
 27193 | Lair:5   | Reached skill level 10 in Slings
 27193 | Lair:5   | Reached skill level 10 in Bows
 27193 | Lair:5   | Reached skill level 10 in Crossbows
 27193 | Lair:5   | Reached skill level 10 in Stealth
 27193 | Lair:5   | Reached skill level 10 in Shields
 27193 | Lair:5   | Reached skill level 10 in Evocations
 27272 | Lair:6   | Entered Level 6 of the Lair of Beasts
 27919 | Lair:6   | Identified the +2 short sword of Distraction {spect, rF+
                  | rC+ MP-9}
 28309 | Lair:6   | Found a stormy altar of Qazlal.
 28758 | Lair:6   | Found a viscous altar of Jiyva.
 28758 | Lair:6   | Found a staircase to the Slime Pits.
 29603 | D:12     | Noticed Josephine
 29618 | D:12     | Killed Josephine
 29860 | D:12     | Reached XP level 16. HP: 124/126 MP: 31/31
 29993 | D:12     | Found a portal to a secret trove of treasure.
 31136 | D:13     | Found a gate to the Vaults.
 32787 | D:15     | Entered Level 15 of the Dungeon
 33222 | D:15     | Found a staircase to the Depths.
 33679 | Orc:1    | Entered Level 1 of the Orcish Mines
 33687 | Orc:1    | Found Heanorog's Assorted Antiques.
 33796 | Orc:1    | Bought a scroll of teleportation for 93 gold pieces
 33975 | Orc:2    | Entered Level 2 of the Orcish Mines
 34665 | Orc:2    | Found a staircase to the Elven Halls.
 35043 | Orc:2    | Found Sufiplau's Weapon Emporium.
 35043 | Orc:2    | Found Wommeto's Jewellery Shop.
 35045 | Orc:2    | Found Zaevewue's Antique Weapon Boutique.
 35047 | Orc:2    | Found Wacvok's Distillery.
 35154 | Elf:1    | Entered Level 1 of the Elven Halls
 35160 | Elf:1    | Reached XP level 17. HP: 133/133 MP: 19/33
 35194 | Elf:1    | Learned a level 6 spell: Starburst
 35559 | Elf:1    | Noticed Azrael
 35568 | Elf:1    | Killed Azrael
 35850 | Elf:1    | Found Jynec's General Store.
 35892 | Elf:1    | Paralysed by an air elemental for 1 turns
 35897 | Elf:1    | Paralysed by an air elemental for 1 turns
 35999 | Elf:1    | Got the Papyrus of Darkness
 36469 | Elf:2    | Found a runed translucent gate.
 36471 | Elf:2    | Found a runed translucent gate.
 36472 | Elf:2    | Found a runed translucent gate.
 36572 | Elf:3    | Entered Level 3 of the Elven Halls
 36572 | Elf:3    | Identified the +0 kite shield of Love and Death {Regen+}
 36572 | Elf:3    | Noticed Asterion
 36610 | Elf:3    | Killed Asterion
 36763 | Elf:3    | Found Jytuiter's Magic Scroll Shoppe.
 36765 | Elf:3    | Found Wodoed's Magic Scroll Emporium.
 36767 | Elf:3    | Found Deudusm's Antique Armour Shoppe.
 36870 | Elf:3    | Reached skill level 10 in Conjurations
 36870 | Elf:3    | Reached skill level 10 in Hexes
 36870 | Elf:3    | Reached skill level 10 in Summonings
 36870 | Elf:3    | Reached skill level 10 in Necromancy
 36870 | Elf:3    | Reached skill level 10 in Transmutations
 36870 | Elf:3    | Reached skill level 10 in Fire Magic
 36870 | Elf:3    | Reached skill level 10 in Ice Magic
 36870 | Elf:3    | Reached skill level 10 in Air Magic
 36870 | Elf:3    | Reached skill level 10 in Earth Magic
 36870 | Elf:3    | Reached skill level 10 in Poison Magic
 37421 | Elf:3    | Noticed a deep elf blademaster
 37425 | Elf:3    | Killed a deep elf blademaster
 37433 | Elf:3    | Noticed a deep elf master archer
 37495 | Elf:3    | Reached XP level 18. HP: 123/142 MP: 32/35
 37504 | Elf:3    | Cast into level 3 of the Abyss (a deep elf demonologist)
 37504 | Abyss:3  | Found a corrupted altar of Lugonu.
 37569 | Elf:3    | Escaped the Abyss
 37571 | Elf:3    | Noticed a Hell Sentinel
 37572 | Elf:3    | Noticed a Tzitzimitl
 37638 | Elf:3    | Noticed a deep elf blademaster
 37668 | Elf:3    | Killed a deep elf blademaster
 37800 | Elf:3    | Noticed a deep elf master archer
 37805 | Elf:3    | Killed a deep elf master archer
 37830 | Elf:3    | Identified the ring of Sloth {rN+ Will+ MP+9}
 37868 | Elf:3    | Identified the +6 ring mail of Koemm {rPois rCorr Int+6
                  | Dex-2}
 37868 | Elf:3    | Identified the amulet of Gol Jyl {Acrobat Rampage Will+
                  | rCorr Dex+3}
 37880 | Elf:3    | Identified the +6 dire flail of the Demagogue {speed,
                  | Str+2}
 37880 | Elf:3    | Identified the +0 robe of the Neverending Loafs {Harm rPois
                  | rC- Int+4}
 38050 | Elf:3    | Identified the +8 chain mail "Lillixaz" {Will+ Int+5}
 38065 | Elf:3    | Killed a deep elf master archer
 38155 | Elf:3    | Identified the +9 long sword of War {spect, rPois Int+2
                  | Stlth+}
 38155 | Elf:3    | Identified the +1 leather armour of the Unbroken {rN+ Dex+2
                  | Slay+2}
 38313 | Elf:3    | Identified the +5 fustibalus "Rimo" {venom, rElec}
 38708 | Elf:2    | Found a radiant altar of Vehumet.
 38977 | Elf:2    | Noticed Agnes
 38988 | Elf:2    | Killed Agnes
 39313 | Elf:2    | Found a runed translucent door.
 39313 | Elf:2    | Found a shimmering altar of Xom.
 39313 | Elf:2    | Noticed marklar909's ghost (adept PaFi)
 40190 | Elf:3    | Bought a scroll of teleportation for 48 gold pieces
 40190 | Elf:3    | Bought a scroll of teleportation for 48 gold pieces
 40190 | Elf:3    | Bought a scroll of immolation for 56 gold pieces
 40190 | Elf:3    | Bought a scroll of immolation for 56 gold pieces
 40192 | Elf:3    | Bought a scroll of teleportation for 63 gold pieces
 40243 | Elf:1    | Bought a manual of Fire Magic for 1120 gold pieces
 40495 | Depths:1 | Entered Level 1 of the Depths
 40512 | Depths:1 | Reached XP level 19. HP: 82/150 MP: 17/36
 40564 | Depths:1 | Found a one-way gate to the infinite horrors of the Abyss.
 40798 | Depths:1 | Paralysed by a floating eye for 3 turns
 41098 | Depths:1 | Noticed a juggernaut
 41109 | Depths:1 | Noticed a tentacled monstrosity
 41116 | Depths:1 | Killed a juggernaut
 41122 | Depths:1 | Killed a tentacled monstrosity
 41221 | Depths:1 | Identified the ring "Wiecunap" {+Blink Fly}
 41371 | Depths:1 | Found a gateway to Hell.
 42096 | Snake:1  | Entered Level 1 of the Snake Pit
 43104 | Snake:2  | Found Ixuemnor's Distillery.
 43113 | Snake:2  | Bought a potion of curing for 51 gold pieces
 43113 | Snake:2  | Bought a potion of curing for 51 gold pieces
 43113 | Snake:2  | Bought a potion of curing for 51 gold pieces
 43113 | Snake:2  | Bought a potion of magic for 136 gold pieces
 43653 | Snake:2  | Found Igun's Book Shoppe.
 43653 | Snake:2  | Found Yrunk's Jewellery Shop.
 43654 | Snake:2  | Found Otrass's Book Shoppe.
 43662 | Snake:2  | Bought the amulet "Efoirr" {RegenMP Int+4} for 590 gold
                  | pieces
 43676 | Snake:2  | Bought Great Wizards, Vol. VII for 540 gold pieces
 43977 | Snake:3  | Reached XP level 20. HP: 159/159 MP: 38/38
 44251 | Snake:3  | Found a basalt altar of Yredelemnul.
 44625 | Snake:4  | Entered Level 4 of the Snake Pit
 45418 | Snake:4  | Noticed Nikola
 45534 | Snake:4  | Killed Nikola
 45588 | Snake:4  | Reached skill level 15 in Invocations
 46134 | Snake:4  | Got a serpentine rune of Zot
 46356 | Snake:2  | Identified the +3 buckler "Juscher" {MP+9 Int+4}
 46456 | Swamp:1  | Entered Level 1 of the Swamp
 46469 | Swamp:1  | Noticed Donald
 46492 | Swamp:1  | Killed Donald
 46770 | Swamp:1  | Noticed Mlioglotl
 46784 | Swamp:1  | Killed Mlioglotl
 48454 | Swamp:4  | Entered Level 4 of the Swamp
 48622 | Swamp:4  | Reached XP level 21. HP: 162/167 MP: 39/39
 48949 | Swamp:4  | Reached skill level 15 in Spellcasting
 48954 | Swamp:4  | Noticed Louise
 48960 | Swamp:4  | Noticed a bone dragon
 48963 | Swamp:4  | Killed Louise
 48988 | Swamp:4  | Killed a bone dragon
 49215 | Swamp:4  | Learned a level 4 spell: Passage of Golubria
 49285 | Swamp:4  | Got a decaying rune of Zot
 49536 | Vaults:1 | Entered Level 1 of the Vaults
 49613 | Vaults:1 | Reached skill level 15 in Fighting
 49613 | Vaults:1 | Reached skill level 15 in Dodging
 49613 | Vaults:1 | Reached skill level 15 in Unarmed Combat
 50305 | Vaults:1 | Slain by a vault warden

Illustrated notes

Levels and vault maps discovered:
D:1:      ldierk_walled_garden, layout_basic, shapermc_ecumenical_altar_ellora,
          minmay_pentomino_q2
D:2:      layout_loops_ring, minmay_randomly_rotated_circles
D:3:      layout_basic, nemelex_spade_bored_becter
D:4:      layout_basic, minmay_temple_entry_offerings, enter_ossuary_1,
          uniq_pikel
D:5:      layout_cave_pools, uniq_edmund
D:6:      layout_layer_cave
D:7:      layout_basic, hangedman_abyss_or_decor_stabs,
          kennysheep_generic_room_5, uniq_duvessa, uniq_joseph
D:8:      layout_cave_pools, minmay_lair_entry_grove
D:9:      layout_loops_corners, lightli_orcish_oven, uniq_gastronok, uniq_psyche
D:10:     layout_long_grid, orc_0_dummy
D:11:     layout_long_grid, grunt_ministairs_9
D:12:     layout_basic, nicolae_trove_entry_crystal, nicolae_ru_awakened_eye,
          uniq_josephine
D:13:     layout_roguey, hangedman_vaults_entry_quadrant_bands,
          portal_ice_cave_entry_pillars_2
D:14:     layout_irregular_city, hangedman_decor_points, serial_shops,
          nicolae_shop_hallway_stairs
D:15:     grunt_enter_depths_hoard, layout_irregular_city
Temple:   mainiacjoe_temple_archimedes_tessellation
Lair:1:   layout_chaotic_city
Lair:2:   layout_small_grid, nicolae_swamp_entry_splash_gauntlet,
          minmay_snake_entry_guardpost_large, lemuel_fruit_tree
Lair:3:   layout_chaotic_city, uniq_nergalle
Lair:4:   dreamdust_cave_troll, layout_loops_ring, basic_altar,
          lemuel_old_faithful, grunt_megastairs_2, infiniplex_staircase_pool
Lair:5:   layout_regular_city
Lair:6:   gammafunk_lair_ancient_temple, layout_misc_corridors,
          dpeg_slime_entry_enclosed_altar, basic_altar, guppyfry_lair_drakes
Swamp:1:  layout_basic_swamp, evilmike_swamp_ruin_house_3, uniq_donald,
          uniq_mlioglotl
Swamp:2:  nicolae_swamp_standing_stones, layout_basic_swamp,
          nicolae_swamp_dense_foliage
Swamp:3:  layout_basic_swamp, evilmike_swamp_ruin_rubble_1
Swamp:4:  swamp_pestilence, layout_basic_swamp, uniq_louise
Snake:1:  layout_gridlike, st_stairs_14, serial_bayou_ford_a,
          serial_bayou_pond_e, hangedman_snake_corridor_split
Snake:2:  layout_rooms, serial_shops, shop, nicolae_snake_mages_go_home,
          minmay_shop_grove
Snake:3:  layout_misc_corridors, basic_altar
Snake:4:  hellmonk_snake_rune_quicksilver_temple, layout_onion, special_room,
          nicolae_snake_gridmaze_swirls, grunt_megastairs_5, uniq_nikola
Orc:1:    layout_caves, serial_shops, shop
Orc:2:    st_orc_rangers, layout_diamond_mine
Elf:1:    elf_arrival_002, layout_geoelf_octagon, serial_shops,
          nicolae_shop_hallway_stairs, evilmike_minifort, minmay_elf_necromancy,
          grunt_megastairs_4, uniq_azrael
Elf:2:    nicolae_elf_blades_splatter_lattice
          [nicolae_blade_entry_crossed_weapons], layout_geoelf_octagon,
          special_room [special_room_orc], ebering_ghost_xom, basic_altar,
          nicolae_elf_variegated_diamond, uniq_agnes
Elf:3:    elf_hall, layout_gridlike, nicolae_elf_big_sculpture_2,
          minmay_shop_star, uniq_asterion
Vaults:1: v_misc_17, nicolae_vaults_big_angled_halls, grunt_vaults_twisty,
          st_eye, v_misc_14, v_rooms_3, grunt_vaults_funnel,
          ontoclasm_vaults_loading_screen, layout_vaults_omnigrid
Depths:1: layout_honeycomb, hangedman_geh_valley,
          nicolae_abyss_entry_one_way_or_another, minmay_misc_feat_x,
          minmay_the_grid_2x2 [minmay_the_grid_rooms, minmay_the_grid_gridbox,
          minmay_the_grid_mess, minmay_the_grid_prize_shrinking_boxes]

Skill      XL: |  1  2  3  4  5  6  7  8  9 10 11 12 13 14 15 16 17 18 19 20 21 |
---------------+----------------------------------------------------------------+-----
Spellcasting   | 5 6 7 8 9 10 11 12 13 14 15 | 15.2
Invocations    | 1 2 3 4 5 6 7 8 9 10 11 12 13 14 15 | 15.7
Short Blades   | 1 2 3 4 5 6 7 8 9 10 11 12 13 14 | 14.5
Long Blades    | 1 2 3 4 5 6 7 8 9 10 11 12 13 14 | 14.5
Axes           | 1 2 3 4 5 6 7 8 9 10 11 12 13 14 | 14.5
Maces & Flails | 1 2 3 4 5 6 7 8 9 10 11 12 13 14 | 14.5
Polearms       | 1 2 3 4 5 6 7 8 9 10 11 12 13 14 | 14.5
Staves         | 1 2 3 4 5 6 7 8 9 10 11 12 13 14 | 14.5
Slings         | 1 2 3 4 5 6 7 8 9 10 11 12 13 14 | 14.5
Bows           | 1 2 3 4 5 6 7 8 9 10 11 12 13 14 | 14.5
Crossbows      | 1 2 3 4 5 6 7 8 9 10 11 12 13 14 | 14.5
Stealth        | 1 2 3 4 5 6 7 8 9 10 11 12 13 14 | 14.5
Shields        | 1 2 3 4 5 6 7 8 9 10 11 12 13 14 | 14.5
Evocations     | 1 2 3 4 5 6 7 8 9 10 11 12 13 14 | 14.5
Conjurations   | 1 2 3 4 5 6 7 8 9 10 11 12 | 12.3
Hexes          | 1 2 3 4 5 6 7 8 9 10 11 12 | 12.3
Summonings     | 1 2 3 4 5 6 7 8 9 10 11 12 | 12.3
Necromancy     | 1 2 3 4 5 6 7 8 9 10 11 12 | 12.3
Transmutations | 1 2 3 4 5 6 7 8 9 10 11 12 | 12.3
Fire Magic     | 1 2 3 4 5 6 7 8 9 10 12 13 | 13.6
Ice Magic      | 1 2 3 4 5 6 7 8 9 10 11 12 | 12.3
Air Magic      | 1 2 3 4 5 6 7 8 9 10 11 12 | 12.3
Earth Magic    | 1 2 3 4 5 6 7 8 9 10 11 12 | 12.3
Poison Magic   | 1 2 3 4 5 6 7 8 9 10 11 12 | 12.3
Throwing       | 3 4 5 6 7 8 9 10 11 12 13 14 | 14.7
Armour         | 3 4 5 6 7 8 9 10 11 12 13 14 | 14.7
Fighting       | 5 6 7 8 9 10 11 12 13 14 15 | 15.1
Dodging        | 5 6 7 8 9 10 11 12 13 14 15 | 15.1
Unarmed Combat | 5 6 7 8 9 10 11 12 13 14 15 | 15.1
Translocations | 6 7 8 9 10 11 12 13 | 13.4

Action                   |  1- 3 |  4- 6 |  7- 9 | 10-12 | 13-15 | 16-18 | 19-21 || total
-------------------------+-------+-------+-------+-------+-------+-------+-------++-------
Melee: Unarmed           |   130 |   312 |    51 |       |       |       |       ||   493
       Bite              |    14 |    36 |    28 |    63 |   137 |   174 |   111 ||   563
       Punch             |     8 |     9 |     5 |       |       |       |       ||    22
       Whip              |       |       |   123 |       |       |       |       ||   123
       Quarterstaff      |       |       |    50 |   401 |   693 |   368 |       ||  1512
       Scimitar          |       |       |       |       |       |   117 |       ||   117
       Demon whip        |       |       |       |       |       |   450 |   506 ||   956
 Fire: Hunting sling     |       |       |    33 |       |   167 |       |       ||   200
       Fustibalus        |       |       |       |       |       |       |  1444 ||  1444
Throw: Boomerang         |     5 |    22 |     1 |    11 |   102 |   189 |    14 ||   344
       Dart              |       |       |    13 |    14 |     6 |       |       ||    33
       Javelin           |       |       |       |       |       |     1 |       ||     1
 Cast: Blink             |       |     7 |     2 |    15 |    66 |    27 |    30 ||   147
       Stone Arrow       |       |       |    13 |       |       |       |       ||    13
       Freezing Cloud    |       |       |       |       |    53 |    85 |    16 ||   154
       Apportation       |       |       |       |       |     5 |     8 |     1 ||    14
       Starburst         |       |       |       |       |       |       |    36 ||    36
       Passage of Golubr |       |       |       |       |       |       |     3 ||     3
Invok: Slouch            |       |       |       |     6 |     4 |    21 |     7 ||    38
       Temporal Distorti |       |       |       |     1 |       |       |       ||     1
       Step From Time    |       |       |       |       |     1 |     3 |     2 ||     6
Evoke: Wand              |       |     2 |     1 |    16 |     2 |     9 |       ||    30
       Tin of tremorston |       |       |       |       |       |     8 |     4 ||    12
       Phantom mirror    |       |       |       |       |       |     6 |     1 ||     7
       Condenser vane    |       |       |       |       |       |     1 |     5 ||     6
       Box of beasts     |       |       |       |       |       |     1 |     2 ||     3
  Use: Scroll            |     3 |     8 |    11 |     8 |    10 |    12 |     5 ||    57
       Potion            |       |       |     3 |     2 |     1 |     5 |     6 ||    17
 Stab: Sleeping          |     3 |     2 |     5 |     6 |     7 |    25 |     9 ||    57
       Distracted        |       |       |       |    11 |    21 |    17 |     3 ||    52
Armor: Leather armour    |    32 |    86 |    65 |    34 |    44 |    20 |       ||   281
       Skin              |       |       |     7 |       |       |       |       ||     7
       Scale mail        |       |       |       |    34 |   123 |       |       ||   157
       Ice dragon scales |       |       |       |       |    22 |       |       ||    22
       Troll leather arm |       |       |       |       |       |   100 |   325 ||   425
Dodge: Dodged            |    64 |   196 |   151 |   473 |   803 |   730 |  1026 ||  3443
Block: Kite shield       |       |       |       |       |       |   264 |  1002 ||  1266

Table legend: (Time is in decaauts)
 A = Elapsed time spent in this place.
 B = Non-inter-level travel time spent in this place.
 C = Inter-level travel time spent in this place.
 D = Time resting spent in this place.
 E = Time spent auto-exploring this place.
 F = Levels seen in this place.
 G = Mean time per level.
                   A        B        C        D        E       F      G
               +--------+--------+--------+--------+--------+-----+--------+
         Total |  70825 |  65059 |   5766 |   2341 |  49952 |  40 | 1770.6 |
       Dungeon |  28189 |  25805 |   2384 |    794 |  21328 |  15 | 1879.3 |
        Temple |    525 |    491 |     34 |      0 |    455 |   1 |  525.0 |
          Lair |  14215 |  12935 |   1280 |    463 |  10338 |   6 | 2369.2 |
         Swamp |   4527 |   4226 |    301 |      0 |   3226 |   4 | 1131.8 |
     Snake Pit |   6813 |   6304 |    509 |     52 |   4583 |   4 | 1703.2 |
  Orcish Mines |   2692 |   2315 |    377 |      0 |   1748 |   2 | 1346.0 |
   Elven Halls |   7660 |   6885 |    775 |    320 |   4435 |   3 | 2553.3 |
        Vaults |   1179 |   1179 |      0 |      0 |    953 |   1 | 1179.0 |
        Depths |   1925 |   1823 |    102 |     46 |   1504 |   1 | 1925.0 |
         Abyss |     74 |     74 |      0 |     36 |      0 |   1 |   74.0 |
       Ossuary |    735 |    735 |      0 |     23 |    518 |   1 |  735.0 |
      Ice Cave |   2286 |   2286 |      0 |    606 |    862 |   1 | 2286.0 |
               +--------+--------+--------+--------+--------+-----+--------+

Top non-repeatable levels by time:
     D:7: 3115 daAuts
  Lair:2: 3080 daAuts
   Elf:3: 2937 daAuts
  Lair:6: 2859 daAuts
     D:9: 2709 daAuts
 Snake:4: 2585 daAuts
   Elf:2: 2573 daAuts
  Lair:1: 2451 daAuts
  Lair:3: 2377 daAuts
    D:12: 2353 daAuts
   IceCv: 2286 daAuts
   Elf:1: 2150 daAuts
    D:13: 2130 daAuts
     D:8: 2054 daAuts
Depths:1: 1925 daAuts
